 Dungeon Sprint DCSS version 0.27.1-33-g824d729ab1 (webtiles) character file.

Game seed: 1145758334248730060

26 Hipnos the Grave Robber (level 2, -10/15 HPs)
             Began as a Deep Elf Necromancer on Nov 30, 2021.
             Mangled by an ogre (19 damage)
             ... in the Dungeon (Sprint I: "Red Sonja").
             The game lasted 00:01:18 (109 turns).

Hipnos the Grave Robber (Deep Elf Necromancer)       Turns: 109, Time: 00:01:19

Health: -10/15     AC:  2    Str:  5    XL:     2   Next: 89%
Magic:  3/9        EV: 13    Int: 19    God:
Gold:   0          SH:  0    Dex: 15    Spells: 7/9 levels left

rFire    . . .     SeeInvis .   (no weapon)
rCold    . . .     Faith    .   (no shield)
rNeg     . . .     Spirit   .   a - +0 robe
rPois    .         Reflect  .   (no helmet)
rElec    .         Harm     .   (no cloak)
rCorr    .         Rampage  .   (no gloves)
Will     .....     NoTele   +   (no boots)
Stlth    ++........             (no amulet)
HPRegen  0.05/turn              (no ring)
MPRegen  0.11/turn              (no ring)

@: no status effects
A: no striking features
a: no special abilities


You were in the Dungeon.
You visited 1 branch

Inventory:

Armour
 a - a +0 robe (worn)
Wands
 f - a wand of polymorph (1)
Scrolls
 g - a scroll of blinking
Potions
 b - a potion of curing
 c - a potion of heal wounds
 d - a potion of haste
 e - 2 potions of magic


   Skills:
 + Level 0.2 Fighting
 + Level 3.0 Dodging
 - Level 2.4 Stealth
 + Level 0.5 Unarmed Combat
 + Level 4.3 Spellcasting
 + Level 7.6 Necromancy


You had 7 spell levels left.
You knew the following spells:

 Your Spells              Type           Power      Damage    Failure   Level
a - Pain                  Necr           100%       1d9       1%          1
b - Animate Skeleton      Necr           66%        N/A       1%          1

Your spell library contained the following spells:

 Spells                   Type           Power      Damage    Failure   Level
 Vampiric Draining        Necr           16%        2d8       1%          3
 Animate Dead             Necr           16%        N/A       6%          4
 Agony                    Necr           33%        N/A       16%         5


Dungeon Overview and Level Annotations

Branches:
Dungeon (1/1)

Altars:


Message History

Casting: Animate Skeleton (safe; 1% risk of failure)
Confirm with . or Enter, or press ? or * to list all spells.
Aiming: Pain (safe; 1% risk of failure)
Press: ? - help, Shift-Dir - straight line, f/p - ogre
Aim: an ogre, wielding a +0 giant club (ally target, chance to affect: 84%)
The ogre barely resists.
Ijyb crumbles into dust!
Casting: Pain (safe; 1% risk of failure)
Confirm with . or Enter, or press ? or * to list all spells.
Aiming: Pain (safe; 1% risk of failure)
Press: ? - help, Shift-Dir - straight line, f/p - ogre
Aim: an ogre, wielding a +0 giant club (chance to affect: 84%)
The ogre writhes in agony.
The ogre barely misses you.
Casting: Pain (safe; 1% risk of failure)
Confirm with . or Enter, or press ? or * to list all spells.
Aiming: Pain (safe; 1% risk of failure)
Press: ? - help, Shift-Dir - straight line, f/p - ogre
Aim: an ogre, wielding a +0 giant club (lightly wounded, chance to affect: 84%)
The ogre writhes in agony.
Casting: Pain (safe; 1% risk of failure)
Confirm with . or Enter, or press ? or * to list all spells.
Aiming: Pain (safe; 1% risk of failure)
Press: ? - help, Shift-Dir - straight line, f/p - ogre
Aim: an ogre, wielding a +0 giant club (moderately wounded, chance to affect: 84%)
The ogre writhes in agony.
The ogre closely misses you.
Casting: Pain (safe; 1% risk of failure)
Confirm with . or Enter, or press ? or * to list all spells.
Aiming: Pain (safe; 1% risk of failure)
Press: ? - help, Shift-Dir - straight line, f/p - ogre
Aim: an ogre, wielding a +0 giant club (moderately wounded, chance to affect: 84%)
The ogre writhes in agony!
The ogre barely misses you.
Casting: Pain (safe; 1% risk of failure)
Confirm with . or Enter, or press ? or * to list all spells.
Aiming: Pain (safe; 1% risk of failure)
Press: ? - help, Shift-Dir - straight line, f/p - ogre
Aim: an ogre, wielding a +0 giant club (severely wounded, chance to affect: 84%)
The ogre writhes in agony.
The ogre hits you with a +0 giant club!!
Ouch! That really hurt!
You die...

##########
#<.#..'..#
#..'..#..+
#@O#### +#
#..# #..#
#..# #⌠⌠#
####


You could see an ogre.

Vanquished Creatures
  Ijyb (D)
1 creature vanquished.

Notes
Turn   | Place    | Note
-------+----------+-------------------------------------------
     0 | D        | Hipnos the Deep Elf Necromancer began the quest for the
                  | Orb.
     0 | D        | Reached XP level 1. HP: 10/10 MP: 6/6
     4 | D        | Noticed Ijyb
    21 | D        | Killed Ijyb
    22 | D        | Reached skill level 7 in Necromancy
    22 | D        | Reached XP level 2. HP: 15/15 MP: 0/9
    57 | D        | Learned a level 1 spell: Animate Skeleton
    98 | D        | Noticed an ogre
   109 | D        | Mangled by an ogre

Illustrated notes

Levels and vault maps discovered:
D:        dungeon_sprint_1 [red_sonja_temple_1, red_sonja_temple_small_1]

Skill      XL: |  1 |
---------------+----+-----
Dodging        | 3 |  3.0
Spellcasting   | 4 |  4.3
Necromancy     | 7 |  7.6
Fighting       | |  0.2
Stealth        | |  2.4
Unarmed Combat | |  0.5

Action                   || total
-------------------------++-------
Melee: Unarmed           ||     9
 Cast: Pain              ||    12
       Animate Skeleton  ||     1
  Use: Potion            ||     1
Armor: Skin              ||     6
Dodge: Dodged            ||     4
